PIO (24 & UNDER)
COLORADO COMMANDERS @ JASPER COUGARS
09/12/2025
 
TOP OF THE 1ST
Colorado Commanders batting - Pitching for Jasper Cougars : RHP A.J. Wellman
Pitching: RHP A.J. Wellman
Batting: RHB Ricardo Remedios 0-0: Called Strike
0-1: Ball
1-1: Swinging Strike
1-2: Ball
2-2: Ball
3-2: Foul Ball, location: 2F
3-2: Ground out 5-3 (Groundball, 5S)
Batting: LHB Michael Barrett 0-0: Called Strike
0-1: Swinging Strike
0-2: Foul Ball, location: 2F
0-2: Ball
1-2: Ground out U3 (Groundball, 3S)
Batting: RHB Mike Martin 0-0: Ball
1-0: Called Strike
1-1: Ball
2-1: Ball
3-1: Foul Ball, location: 2F
3-2: SINGLE (Line Drive, 78M)
Batting: SHB Theodore Cook 0-0: Ball
1-0: DOUBLE (Groundball, 3L)
Mike Martin to third
Runner from 3rd tries for Home, throw and OUT!
Top of the 1st over - 0 run(s), 2 hit(s), 0 error(s), 1 left on base; Colorado 0 - Jasper 0
BOTTOM OF THE 1ST
Jasper Cougars batting - Pitching for Colorado Commanders : RHP Ted Stuart
Pitching: RHP Ted Stuart
Batting: LHB John Eardley 0-0: Called Strike
0-1: Foul Ball, location: 2F
0-2: Ball
1-2: Foul Ball, location: 2F
1-2: Foul Ball, location: 2F
1-2: SINGLE (Flyball, 9S)
Batting: LHB Jon Rogers 0-0: Ball
1-0: Ball
2-0: Fielders Choice at 2nd, 3-6 (Groundball, 3)
Batting: RHB Jorge Romero 0-0: Ball
1-0: Called Strike
Jon Rogers is caught stealing 2nd base
1-1: Ball
2-1: SINGLE (Groundball, 56D) (infield hit)
Batting: RHB George Reeves 0-0: Called Strike
0-1: Ground out 1-3 (Groundball, 13)
Bottom of the 1st over - 0 run(s), 2 hit(s), 0 error(s), 1 left on base; Colorado 0 - Jasper 0
TOP OF THE 2ND
Colorado Commanders batting - Pitching for Jasper Cougars : RHP A.J. Wellman
Batting: RHB Carlos Hernández 0-0: Called Strike
0-1: Ball
1-1: Ball
2-1: Foul Ball, location: 2F
2-2: Foul Ball, location: 2F
2-2: Hit by Pitch
Batting: LHB Javier Martínez 0-0: Fielders Choice at 2nd, 4-6 (Groundball, 4)
Batting: RHB Frank Martínez 0-0: Swinging Strike
0-1: Ball
1-1: Ball
2-1: SINGLE (Groundball, 6D)
Javier Martínez to second
Batting: RHB Rafael López 0-0: Ball
1-0: SINGLE (Line Drive, 8RS)
Javier Martínez to third
Frank Martínez to second
Batting: RHB Samuel Pasolini 0-0: Ball
1-0: Called Strike
1-1: Grounds into double play, 6-4-3 (Groundball, 6)
Top of the 2nd over - 0 run(s), 2 hit(s), 0 error(s), 2 left on base; Colorado 0 - Jasper 0
BOTTOM OF THE 2ND
Jasper Cougars batting - Pitching for Colorado Commanders : RHP Ted Stuart
Batting: LHB Jon Scott 0-0: Ball
1-0: Swinging Strike
1-1: Ball
2-1: Foul Ball, location: 2F
2-2: Foul Ball, location: 2F
2-2: Foul Ball, location: 2F
2-2: Ground out 3-1 (Groundball, 3L)
Batting: SHB Carlos Córdova 0-0: Ground out 6-3 (Groundball, 6)
Batting: RHB José Ortega 0-0: Foul Ball, location: 2F
0-1: Ball
1-1: Foul Ball, location: 2F
1-2: Ball
2-2: Fly out, F8 (Flyball, 8LM)
Bottom of the 2nd over - 0 run(s), 0 hit(s), 0 error(s), 0 left on base; Colorado 0 - Jasper 0
TOP OF THE 3RD
Colorado Commanders batting - Pitching for Jasper Cougars : RHP A.J. Wellman
Batting: RHB Ricardo Remedios 0-0: Ball
1-0: Called Strike
1-1: Swinging Strike
1-2: Foul Ball, location: 2F
1-2: Ball
2-2: Ball
3-2: Foul Ball, location: 2F
3-2: Strikes out swinging
Batting: LHB Michael Barrett 0-0: Ball
1-0: Foul Ball, location: 2F
1-1: Ball
2-1: Swinging Strike
2-2: Strikes out swinging
Batting: RHB Mike Martin 0-0: Ball
1-0: Ball
2-0: Called Strike
2-1: Swinging Strike
2-2: Ball
3-2: Ground out 4-3 (Groundball, 4)
Top of the 3rd over - 0 run(s), 0 hit(s), 0 error(s), 0 left on base; Colorado 0 - Jasper 0
BOTTOM OF THE 3RD
Jasper Cougars batting - Pitching for Colorado Commanders : RHP Ted Stuart
Batting: RHB Jesús Velásquez 0-0: Swinging Strike
0-1: Swinging Strike
0-2: Strikes out swinging
Batting: RHB Joe Baker 0-0: Ball
1-0: Ball
2-0: Called Strike
2-1: SINGLE (Groundball, 34D)
Batting: LHB John Eardley 0-0: Ball
1-0: Ball
2-0: Foul Ball, location: 2F
2-1: Ball
3-1: SINGLE (Line Drive, 7S)
Joe Baker to second
Batting: LHB Jon Rogers 0-0: Ball
1-0: SINGLE (Flyball, 78S)
Joe Baker to third
John Eardley to second
Runner from 3rd tries for Home, SAFE, throw made home
John Eardley to third
Jon Rogers to second
Now in LF: Alberto Soto
Batting: RHB Jorge Romero 0-0: Ball
1-0: Foul Ball, location: 2F
1-1: Swinging Strike
1-2: Ground out 4-3 (Groundball, 4M)
John Eardley scores
Jon Rogers to third
Batting: RHB George Reeves 0-0: Called Strike
0-1: Ball
1-1: SINGLE (Flyball, 9LS)
Jon Rogers scores
Batting: LHB Jon Scott 0-0: Ball
1-0: Ball
2-0: Foul Ball, location: 2F
2-1: Called Strike
2-2: Strikes out looking
Bottom of the 3rd over - 3 run(s), 4 hit(s), 0 error(s), 1 left on base; Colorado 0 - Jasper 3
TOP OF THE 4TH
Colorado Commanders batting - Pitching for Jasper Cougars : RHP A.J. Wellman
Batting: SHB Theodore Cook 0-0: Ball
1-0: Ball
2-0: Called Strike
2-1: Swinging Strike
2-2: Foul Ball, location: 2F
2-2: Ball
3-2: Ground out U3 (Groundball, 3)
Batting: RHB Carlos Hernández 0-0: Ball
1-0: Foul Ball, location: 2F
1-1: Ball
2-1: Called Strike
2-2: Strikes out swinging
Batting: LHB Javier Martínez 0-0: Ball
1-0: Ball
2-0: Ball
3-0: Called Strike
3-1: Base on Balls
Pitching: RHP Chris Schultz
Batting: RHB Frank Martínez 0-0: Called Strike
0-1: Foul Ball, location: 2F
0-2: Fly out, F8 (Flyball, 8RXD)
Top of the 4th over - 0 run(s), 0 hit(s), 0 error(s), 1 left on base; Colorado 0 - Jasper 3
BOTTOM OF THE 4TH
Jasper Cougars batting - Pitching for Colorado Commanders : RHP Ted Stuart
Batting: SHB Carlos Córdova 0-0: Ball
1-0: Ball
2-0: Foul Ball, location: 2F
2-1: Swinging Strike
2-2: Ball
3-2: Foul Ball, location: 2F
3-2: Base on Balls
Batting: RHB José Ortega 0-0: Foul Ball, location: 2F
0-1: Ball
Carlos Córdova steals 2nd base
1-1: Foul Ball, location: 2F
1-2: Ground out 5-3 (Groundball, 15S)
Carlos Córdova to third
Batting: RHB Jesús Velásquez 0-0: Swinging Strike
0-1: Ball
1-1: Ball
2-1: Called Strike
2-2: Ball
3-2: Strikes out swinging
Batting: RHB Joe Baker 0-0: Fly out, F9 (Flyball, 89D)
Bottom of the 4th over - 0 run(s), 0 hit(s), 0 error(s), 1 left on base; Colorado 0 - Jasper 3
TOP OF THE 5TH
Colorado Commanders batting - Pitching for Jasper Cougars : RHP Chris Schultz
Batting: RHB Rafael López 0-0: Ball
1-0: Swinging Strike
1-1: Ball
2-1: Fly out, F8 (Flyball, 89M)
Batting: RHB Samuel Pasolini 0-0: Ground out 1-3 (Groundball, 23)
Batting: RHB Alberto Soto 0-0: Called Strike
0-1: Swinging Strike
0-2: Ball
1-2: Ball
2-2: Strikes out swinging
Top of the 5th over - 0 run(s), 0 hit(s), 0 error(s), 0 left on base; Colorado 0 - Jasper 3
BOTTOM OF THE 5TH
Jasper Cougars batting - Pitching for Colorado Commanders : RHP Ted Stuart
Batting: LHB John Eardley 0-0: Ball
1-0: Called Strike
1-1: Ball
2-1: Ground out 4-3 (Groundball, 4)
Batting: LHB Jon Rogers 0-0: Ball
1-0: Foul Ball, location: 2F
1-1: Called Strike
1-2: Ball
2-2: Foul Ball, location: 2F
2-2: Strikes out swinging
Batting: RHB Jorge Romero 0-0: Ball
1-0: Called Strike
1-1: Fly out, F7 (Flyball, 7M)
Bottom of the 5th over - 0 run(s), 0 hit(s), 0 error(s), 0 left on base; Colorado 0 - Jasper 3
TOP OF THE 6TH
Colorado Commanders batting - Pitching for Jasper Cougars : RHP Chris Schultz
Batting: LHB Michael Barrett 0-0: Reached on error, E6 (Groundball, 6)
Batting: RHB Mike Martin 0-0: Called Strike
0-1: Ball
1-1: Swinging Strike
1-2: Strikes out swinging
Batting: SHB Theodore Cook 0-0: Called Strike
0-1: Foul Ball, location: 2F
0-2: Strikes out swinging
Batting: RHB Carlos Hernández 0-0: SINGLE (Groundball, 56D)
Michael Barrett to second
Batting: LHB Javier Martínez 0-0: Called Strike
0-1: Called Strike
0-2: Strikes out swinging
Top of the 6th over - 0 run(s), 1 hit(s), 1 error(s), 2 left on base; Colorado 0 - Jasper 3
BOTTOM OF THE 6TH
Jasper Cougars batting - Pitching for Colorado Commanders : RHP Ted Stuart
Pitching: LHP Bernardo Dodson
Batting: RHB George Reeves 0-0: DOUBLE (Flyball, 7LM)
Batting: LHB Jon Scott 0-0: Intentional Walk
Batting: SHB Carlos Córdova 0-0: Ball
1-0: SINGLE (Line Drive, 6MD)
George Reeves to third
Jon Scott to second
Runner from 3rd tries for Home, SAFE, no throw or cutoff
Batting: RHB José Ortega 0-0: Swinging Strike
0-1: Ball
1-1: Foul Ball, location: 2F
1-2: Strikes out swinging
Batting: RHB Jesús Velásquez 0-0: Ball
1-0: Ball
2-0: Ball
3-0: Called Strike
3-1: Foul Ball, location: 2F
3-2: Base on Balls
Jon Scott to third
Carlos Córdova to second
Batting: RHB Joe Baker 0-0: Ball
1-0: Swinging Strike
1-1: Foul Ball, location: 2F
1-2: Ball
2-2: Ball
3-2: Strikes out looking
Batting: LHB John Eardley 0-0: Ball
1-0: Foul Ball, location: 2F
1-1: Ball
2-1: Foul Ball, location: 2F
2-2: Fielders Choice at 2nd, U6 (Groundball, 6M)
Bottom of the 6th over - 1 run(s), 2 hit(s), 0 error(s), 3 left on base; Colorado 0 - Jasper 4
TOP OF THE 7TH
Colorado Commanders batting - Pitching for Jasper Cougars : RHP Chris Schultz
Pitching: RHP Ernesto Mendoza
Batting: RHB Frank Martínez 0-0: Ball
1-0: Called Strike
1-1: Foul Ball, location: 2F
1-2: Foul Ball, location: 2F
1-2: Strikes out swinging
Batting: RHB Rafael López 0-0: Ball
1-0: Called Strike
1-1: Ball
2-1: Foul Ball, location: 2F
2-2: Ball
3-2: Strikes out swinging
Batting: RHB Samuel Pasolini 0-0: Foul Ball, location: 2F
0-1: Ball
1-1: Foul Ball, location: 2F
1-2: Ball
2-2: Strikes out swinging
Top of the 7th over - 0 run(s), 0 hit(s), 0 error(s), 0 left on base; Colorado 0 - Jasper 4
BOTTOM OF THE 7TH
Jasper Cougars batting - Pitching for Colorado Commanders : LHP Bernardo Dodson
Batting: LHB Jon Rogers 0-0: SINGLE (Groundball, 4MD) (infield hit)
Batting: RHB Jorge Romero 0-0: Ball
1-0: Ground out 3-1 (Groundball, 34)
Jon Rogers to second
Batting: RHB George Reeves 0-0: Intentional Walk
Batting: LHB Jon Scott 0-0: Ball
1-0: Ball
2-0: Called Strike
2-1: Ball
3-1: Base on Balls
Jon Rogers to third
George Reeves to second
Pitching: RHP Jesús Medina
Batting: SHB Carlos Córdova 0-0: Called Strike
0-1: Ball
1-1: Foul Ball, location: 2F
1-2: Ball
2-2: Strikes out swinging
Batting: RHB José Ortega 0-0: Fly out, F6 (Popup, 6MS)
Bottom of the 7th over - 0 run(s), 1 hit(s), 0 error(s), 3 left on base; Colorado 0 - Jasper 4
TOP OF THE 8TH
Colorado Commanders batting - Pitching for Jasper Cougars : RHP Ernesto Mendoza
Batting: RHB Alberto Soto 0-0: Ground out 4-3 (Groundball, 4M)
Batting: LHB Michael Barrett 0-0: Ball
1-0: SINGLE (Line Drive, 9S)
Batting: RHB Mike Martin 0-0: Ball
1-0: Ball
2-0: Ball
3-0: Swinging Strike
3-1: Called Strike
3-2: Strikes out swinging
Batting: SHB Theodore Cook 0-0: Foul Ball, location: 2F
0-1: Called Strike
0-2: Ball
1-2: Ball
2-2: Foul Ball, location: 2F
2-2: Strikes out swinging
Top of the 8th over - 0 run(s), 1 hit(s), 0 error(s), 1 left on base; Colorado 0 - Jasper 4
BOTTOM OF THE 8TH
Jasper Cougars batting - Pitching for Colorado Commanders : RHP Jesús Medina
Batting: RHB Jesús Velásquez 0-0: Ball
1-0: Swinging Strike
1-1: Ball
2-1: Ball
3-1: Base on Balls
Batting: RHB Joe Baker 0-0: Ball
Jesús Velásquez is caught stealing 2nd base
1-0: Ball
2-0: SINGLE (Line Drive, 7S)
Batting: LHB John Eardley 0-0: Called Strike
0-1: Fly out, F7 (Flyball, 7M)
Batting: LHB Jon Rogers 0-0: Called Strike
0-1: Ball
1-1: Ball
2-1: Called Strike
2-2: Foul Ball, location: 2F
2-2: Ball
3-2: Base on Balls
Joe Baker to second
Batting: RHB Jorge Romero 0-0: Foul Ball, location: 2F
0-1: Foul Ball, location: 2F
0-2: Ball
1-2: Ball
2-2: Strikes out swinging
Bottom of the 8th over - 0 run(s), 1 hit(s), 0 error(s), 2 left on base; Colorado 0 - Jasper 4
TOP OF THE 9TH
Colorado Commanders batting - Pitching for Jasper Cougars : RHP Ernesto Mendoza
Batting: RHB Carlos Hernández 0-0: Called Strike
0-1: Foul Ball, location: 2F
0-2: Ball
1-2: Ball
2-2: Strikes out swinging
Batting: LHB Javier Martínez 0-0: Called Strike
0-1: Foul Ball, location: 2F
0-2: Ball
1-2: Foul Ball, location: 2F
1-2: Strikes out looking
Batting: RHB Frank Martínez 0-0: Called Strike
0-1: Fly out, F8 (Flyball, 8LM)
Top of the 9th over - 0 run(s), 0 hit(s), 0 error(s), 0 left on base; Colorado 0 - Jasper 4
This league is powered by Out of the Park Baseball, the baseball management simulation game for PC, Mac and Linux
Tuesday, August 2nd, 2016 - OOTP Baseball 16.8 Build 38